 Dungeon Crawl Stone Soup version 0.26-b1-32-g5d43845318 (webtiles) character file.

Game seed: 11258507786736609025

102 Borgoz the Cudgeller (level 4, 0/27 HPs)
             Began as a Gargoyle Gladiator on Jan 11, 2021.
             Slain by an orc
             ... wielding a +0 flail
              (4 damage)
             ... on level 4 of the Dungeon.
             The game lasted 00:02:57 (1756 turns).

Borgoz the Cudgeller (Gargoyle Gladiator)           Turns: 1756, Time: 00:02:57

Health: 0/27       AC:  8    Str: 19    XL:     4   Next: 77%
Magic:  4/4        EV: 12    Int:  8    God:
Gold:   112        SH:  0    Dex: 11    Spells: 3/3 levels left

rFire    . . .     SeeInvis .   a - +1 flail
rCold    . . .     Faith    .   (no shield)
rNeg     + . .     Spirit   .   b - +0 leather armour
rPois    ∞         Reflect  .   c - +1 helmet
rElec    +         Harm     .   (no cloak)
rCorr    .         Rampage  .   (no gloves)
Will     .....                  (no boots)
Stlth    +.........             (no amulet)
HPRegen  0.09/turn              (no ring)
MPRegen  0.09/turn              (no ring)

@: no status effects
A: negative energy resistance 1, electricity resistance, unbreathing,
petrification resistance, miasma immunity, AC +3
a: no special abilities


You were on level 4 of the Dungeon.
You visited 1 branch of the dungeon, and saw 4 of its levels.

You collected 112 gold pieces.

Inventory:

Hand Weapons
 a - a +1 flail (weapon)
Missiles
 d - 3 throwing nets (quivered)
Armour
 b - a +0 leather armour (worn)
 c - a +1 helmet (worn)
Jewellery
 l - an uncursed ring of flight
Scrolls
 f - 2 scrolls of teleportation
 i - a scroll of remove curse
 j - 3 scrolls of identify
 o - a scroll of fog
Potions
 e - a potion of resistance


   Skills:
 + Level 2.8 Fighting
 * Level 3.8 Maces & Flails
 - Level 1.7 Throwing
 + Level 1.9 Armour
 * Level 3.2 Dodging


You had 3 spell levels left.
You didn't know any spells.
Your spell library was empty.

Dungeon Overview and Level Annotations

Branches:
Dungeon (4/15)
 Temple: D:4-7

Altars:


Innate Abilities, Weirdness & Mutations

You are resistant to torment.
Your stone body is resilient. (AC +3)
You are immune to poison.
You resist negative energy. (rN+)
You are resistant to electric shocks. (rElec)
You can survive without breathing.
You are immune to petrification.
You are immune to miasma.


Message History

You closely miss the orc priest.
The orc priest is lightly wounded.
The orc priest hits you but does no damage.
The orc misses you. The quokka bites you. The orc hits you with a +0 flail.
The orc priest hits you but does no damage.
The orc hits you but does no damage.
You barely miss the orc priest.
The orc priest is lightly wounded.
The quokka closely misses you. The orc barely misses you.
The orc hits you but does no damage.
The orc priest calls down the wrath of Beogh upon you.
Pain shoots through your body! The quokka barely misses you.
You barely miss the orc priest.
The orc priest is lightly wounded.
The orc priest invokes the aid of Beogh against you.
Pain shoots through your body!
* * * LOW HITPOINT WARNING * * *
The quokka bites you but does no damage.
The orc hits you but does no damage. The orc hits you with a +0 flail.
You die...

#......# ......### .
##.......# ..
#......#.#
...#.!....#.# # .
..........#.# .#.#
..........#.#####.#.#
......or..#.#.......#
......o@o.......#...###
......o########.#......
.......#...........#
###....#.######.##.#
#....#.#.#.......#
######.#......####
#......#.......#
#......#######.#
#............. #


You could see an orc priest, 3 orcs and a quokka.

Vanquished Creatures
  A worker ant (D:2)
  An adder (D:1)
  2 leopard geckos
  4 bats
  6 giant cockroaches (D:1)
  9 goblins
  6 hobgoblins
  9 jackals
  8 kobolds
  8 frilled lizards (D:1)
  5 rats
59 creatures vanquished.

Vanquished Creatures (others)
  4 toadstools (D:1)
4 creatures vanquished.

Grand Total: 63 creatures vanquished

Notes
Turn   | Place    | Note
-------+----------+-------------------------------------------
     0 | D:1      | Borgoz the Gargoyle Gladiator began the quest for the Orb.
     0 | D:1      | Reached XP level 1. HP: 12/12 MP: 1/1
   132 | D:1      | Reached XP level 2. HP: 17/17 MP: 2/2
   228 | D:1      | Reached skill level 1 in Armour
   418 | D:1      | Reached XP level 3. HP: 22/22 MP: 3/3
   839 | D:2      | Reached XP level 4. HP: 25/27 MP: 4/4
  1756 | D:4      | Slain by an orc

Illustrated notes

Levels and vault maps discovered:
D:1:      ldierk_walled_garden_2, layout_loops_ring, minmay_lizard_pond
D:2:      layout_rooms
D:3:      layout_loops_ring
D:4:      layout_basic, nicolae_ossuary_entry_ruins,
          cheibrodos_sewer_entry_bend, serial_shops,
          nicolae_shop_window_shopping, grunt_ministairs_12,
          minmay_misc_feat_alley

Skill      XL: |  1  2  3 |
---------------+----------+-----
Armour         | 1 |  1.9
Dodging        | 3 |  3.2
Fighting       | |  2.8
Maces & Flails | |  3.8
Throwing       | |  1.7

Action                   |  1- 3 |  4- 6 || total
-------------------------+-------+-------++-------
Melee: Flail             |   111 |    59 ||   170
  Use: Scroll            |       |     9 ||     9
       Potion            |       |     3 ||     3
Armor: Leather armour    |    59 |    35 ||    94
Dodge: Dodged            |   113 |    54 ||   167
